 Dungeon Crawl Stone Soup version 0.29.1-13-g9f3cf754e1 (webtiles) character file.

Game seed: 15897857042807896303

6 CungeonDrawl the Firebug (level 1, 0/19 HPs)
             Began as a Demonspawn Fire Elementalist on Jan 26, 2023.
             Killed from afar by a dart slug (2 damage)
             ... with a slug dart
             ... on level 1 of the Dungeon.
             The game lasted 00:01:36 (470 turns).

CungeonDrawl the Firebug (DsFE)                      Turns: 470, Time: 00:01:37

Health: 0/19       AC: 20    Str:  8    XL:     1   Next: 75%
Magic:  1/3        EV:  2    Int: 16    God:
Gold:   0          SH:  0    Dex: 13    Spells: 3/4 levels left

rFire   . . .      SeeInvis .   e - +0 dagger
rCold   . . .      Faith    .   (no shield)
rNeg    . . .      Spirit   .   (body armour currently unavailable)
rPois   +          Reflect  .   (helmet currently unavailable)
rElec   .          Harm     .   (cloak currently unavailable)
rCorr   .          Rampage  .   (gloves currently unavailable)
Will    .....      NoTele   +   (boots currently unavailable)
Stlth   ++........              (no amulet)
HPRegen 0.06/turn               c - +4 ring of evasion
MPRegen 0.08/turn               (no ring)

@: tree-form
A: stationary, stasis, torment immunity, boosted hp
a: no special abilities


You were on level 1 of the Dungeon.
You were a tree.
You visited 1 branch of the dungeon, and saw 1 of its levels.

Inventory:

Hand Weapons
 e - a +0 dagger (weapon)
Missiles
 f - 2 javelins
Armour
 a - a +0 robe (melded)
Jewellery
 c - a +4 ring of evasion (left branch)
Potions
 b - a potion of magic


   Skills:
 - Level 1.8 Dodging
 - Level 1.8 Stealth
 + Level 2.1 Spellcasting
 + Level 1.2 Conjurations
 + Level 2.8 Fire Magic


You had 3 spell levels left.
You knew the following spells:

 Your Spells              Type           Power      Damage    Failure   Level
a - Foxfire               Conj/Fire      32%        2x1d5     9%          1

Your spell library contained the following spells:

 Spells                   Type           Power      Damage    Failure   Level
 Scorch                   Fire           20%        2d6       10%         2
 Conjure Flame            Conj/Fire      8%         6-21      26%         3
 Inner Flame              Hex/Fire       6%         N/A       34%         3
 Flame Wave               Conj/Fire      8%         2d5       65%         4


Dungeon Overview and Level Annotations

Branches:
Dungeon (1/15)

Altars:


Message History

The ball python closely misses you. The ball python constricts you.
You are too injured to fight recklessly!
Hit: e) +0 dagger
Press: ? - help, Dir - move target, f - ball python
Aim: a ball python (moderately wounded, constricting you, about 42% to evade your +0 dagger)
You barely miss the ball python.
The ball python is moderately wounded.
The bat completely misses you. The ball python closely misses you.
The ball python constricts you. The bat hits you but does no damage.
Your magical contamination has completely faded away.
Hit: e) +0 dagger
Press: ? - help, Dir - move target, f/p - ball python
Aim: a ball python (moderately wounded, constricting you, about 42% to evade your +0 dagger)
You completely miss the ball python.
The ball python is moderately wounded.
The bat closely misses you. The ball python bites you.
* * * LOW HITPOINT WARNING * * *
The ball python constricts you.
* * * LOW HITPOINT WARNING * * *
You aren't carrying any scrolls.
It was a potion of lignification.
You turn into a tree.
Your +0 robe melds into your body.
Your roots penetrate the ground.
The ball python bites you.
* * * LOW HITPOINT WARNING * * *
The ball python constricts you.
You are too injured to fight recklessly!
You are too injured to fight recklessly!
Hit: e) +0 dagger
Press: ? - help, Dir - move target, f/p - ball python
Aim: a ball python (moderately wounded, constricting you, about 42% to evade your +0 dagger)
You hit the ball python.
You kill the ball python!
The bat hits you but does no damage.
Hit: e) +0 dagger
Press: ? - help, Dir - move target, f - dart slug
Aim: a dart slug (about 7% to evade your +0 dagger)
You hit the dart slug but do no damage. The bat hits you but does no damage.
The dart slug launches a dart at you. The slug dart hits you.
You die...

##...## #......# ##.##
###.#### #.# #..# #.#
#.## #.# # #.# #.### #.
#.# #...# .( #.#
####.######.######.#
#.......#...w♣.....#
####.##.##.#.$.b##.####
...#.##...$..... #.#
##.#.#####.#..## #.#
.......# # #..# #.#
.#.#.......#. . ..#
.#.###.##### ### ....#
.# .#..# .#


You could see a dart slug and a bat.

Vanquished Creatures
  4 ball pythons (D:1)
  A quokka (D:1)
  A kobold (D:1)
6 creatures vanquished.

Vanquished Creatures (others)
  13 foxfires (D:1)
13 creatures vanquished.

Grand Total: 19 creatures vanquished

Notes
Turn   | Place    | Note
-------+----------+-------------------------------------------
     0 | D:1      | CungeonDrawl the Demonspawn Fire Elementalist began the
                  | quest for the Orb.
     0 | D:1      | Reached XP level 1. HP: 13/13 MP: 3/3
   470 | D:1      | Killed from afar by a dart slug

Illustrated notes

Levels and vault maps discovered:
D:1:      dpeg_arrival_ratfight, layout_loops_cross

Action                   || total
-------------------------++-------
Melee: Dagger            ||    19
       Unarmed           ||     1
 Cast: Foxfire           ||     8
  Use: Potion            ||     1
Armor: Robe              ||     4
       Skin              ||     2
Dodge: Dodged            ||    30
